[Event "Chelyabinskiy variant-A 2021"]
[Site "Chelyabinsk"]
[Date "2021.03.23"]
[Round "1.1"]
[White "Barseghyan, Armen Ar."]
[Black "Ponkratov, Pavel"]
[Result "1/2-1/2"]
[ECO "D85"]
[WhiteElo "2360"]
[BlackElo "2619"]
[Annotator "RC"]
[PlyCount "62"]
[EventDate "2021.03.23"]
[EventType "swiss"]
[EventCountry "RUS"]
[SourceTitle "playchess.com"]
[Source "ChessBase"]
[SourceQuality "1"]
[TimeControl "5400+30"]

1. d4 Nf6 2. c4 g6 3. Nc3 d5 4. cxd5 Nxd5 5. g3 Bg7 6. Bg2 Nb6 7. Bf4 O-O 8. Be5 Bxe5 9. dxe5 c6 10. Qc1 Nc4 11. Nf3 Qa5 12. Qh6 f6 13. exf6 exf6 14. O-O Nd7 15. Ne4 Nde5 16. Nd4 Qd8 17. Rad1 Qe7 18. Qc1 Nb6 19. Qc5 Qxc5 20. Nxc5 a5 21. b3 Rf7 22. e4 Ned7 23. Nd3 Ne5 24. Nc5 Ned7 25. Nd3 Re7 26. f4 Nf8 27. Nc5 Nfd7 28. Nd3 Nf8 29. Nc5 Nfd7 30. Nd3 Nf8 31. Nc5 Nfd7 1/2-1/2

[Event "Chelyabinskiy variant-A 2021"]
[Site "Chelyabinsk"]
[Date "2021.03.24"]
[Round "2.4"]
[White "Harutjunyan, Gevorg"]
[Black "Shomoev, Anton"]
[Result "1/2-1/2"]
[ECO "B90"]
[WhiteElo "2439"]
[BlackElo "2563"]
[Annotator "ChessBase"]
[PlyCount "98"]
[EventDate "2021.03.23"]
[EventType "swiss"]
[EventCountry "RUS"]
[SourceTitle "playchess.com"]
[Source "ChessBase"]
[SourceQuality "1"]
[TimeControl "5400+30"]

1. e4 c5 2. Nf3 d6 3. d4 cxd4 4. Nxd4 Nf6 5. Nc3 a6 6. Bc4 e6 7. Bb3 Nbd7 8. f4 Nc5 9. Qf3 b5 10. f5 Bd7 11. Bg5 Be7 12. e5 dxe5 13. Nc6 Bxc6 14. Qxc6+ Kf8 15. fxe6 Qc8 16. Qxc8+ Rxc8 17. exf7 Nxb3 18. axb3 b4 19. Bxf6 gxf6 20. Nd5 Rxc2 21. O-O Rc6 22. Rac1 Rxc1 23. Rxc1 Kxf7 24. Rc7 Re8 25. Rb7 Kf8 26. Kf1 f5 27. Ke2 a5 28. Ne3 f4 29. Nd5 e4 30. Nxf4 Bg5 31. Rb5 Bxf4 32. Rf5+ Kg7 33. Rxf4 Rc8 34. Ke3 Rc1 35. Rf2 Re1+ 36. Re2 Rh1 37. h3 Kf6 38. Kxe4 Kg5 39. Kd3 Kf4 40. Re4+ Kf5 41. Rh4 Kg6 42. g4 Rh2 43. Rh5 Rxb2 44. Kc4 Rc2+ 45. Kb5 Rb2 46. Ka4 Ra2+ 47. Kb5 Rb2 48. Ka4 Ra2+ 49. Kb5 Rb2 1/2-1/2

[Event "Chelyabinskiy variant-A 2021"]
[Site "Chelyabinsk"]
[Date "2021.03.24"]
[Round "2.6"]
[White "Sitnikov, Anton"]
[Black "Afanasiev, Nikita"]
[Result "1/2-1/2"]
[ECO "A45"]
[WhiteElo "2437"]
[BlackElo "2519"]
[Annotator "ChessBase"]
[PlyCount "122"]
[EventDate "2021.03.23"]
[EventType "swiss"]
[EventCountry "RUS"]
[SourceTitle "playchess.com"]
[Source "ChessBase"]
[SourceQuality "1"]
[TimeControl "5400+30"]

1. d4 Nf6 2. c3 d5 3. Bg5 Nbd7 4. Nd2 e5 5. Ngf3 e4 6. Ne5 h6 7. Bxf6 Nxf6 8. e3 c6 9. c4 Qa5 10. a3 Bd6 11. cxd5 cxd5 12. b4 Qb6 13. Qa4+ Ke7 14. f4 g5 15. Nb3 Ng4 16. Nxg4 Bxg4 17. g3 gxf4 18. gxf4 Rhg8 19. Be2 Bxe2 20. Kxe2 a5 21. b5 Rg2+ 22. Kf1 Rc2 23. Rc1 Rxc1+ 24. Nxc1 Qc7 25. Ne2 Qd7 26. h3 Rc8 27. Qxa5 Rc2 28. Rh2 Qc8 29. Qe1 Qe6 30. a4 Ra2 31. Qh4+ Kd7 32. Qh5 Bb4 33. Rf2 Rxa4 34. f5 Qf6 35. Nf4 Ra1+ 36. Kg2 Kd6 37. Qg4 Qg5 38. Rc2 Ra3 39. Rc8 Kd7 40. Rg8 Ra2+ 41. Kf1 Ra1+ 42. Ke2 Ra2+ 43. Kd1 Qxg4+ 44. hxg4 Kd6 45. Rd8+ Kc7 46. Rh8 Kb6 47. Nxd5+ Kxb5 48. Nxb4 Kxb4 49. Rc8 b5 50. Rc7 Rg2 51. d5 Rxg4 52. d6 Rg8 53. Rxf7 Rd8 54. Rf6 Kc5 55. Kc2 Rxd6 56. Rg6 Kd5 57. f6 Rd7 58. Rxh6 Ke6 59. Rh4 Ke5 60. Rf4 Ke6 61. Kc3 Kf7 1/2-1/2

[Event "Chelyabinskiy variant-A 2021"]
[Site "Chelyabinsk"]
[Date "2021.03.24"]
[Round "2.7"]
[White "Buksa, Nataliya"]
[Black "Utegaliyev, Azamat"]
[Result "1/2-1/2"]
[ECO "B06"]
[WhiteElo "2419"]
[BlackElo "2507"]
[Annotator "RC"]
[PlyCount "142"]
[EventDate "2021.03.23"]
[EventType "swiss"]
[EventCountry "RUS"]
[SourceTitle "playchess.com"]
[Source "ChessBase"]
[SourceQuality "1"]
[TimeControl "5400+30"]

1. e4 g6 2. d4 Bg7 3. Nc3 c6 4. Nf3 d6 5. h3 Nf6 6. Be2 O-O 7. O-O Nbd7 8. Bf4 Qc7 9. e5 dxe5 10. Nxe5 Qb6 11. a3 Nd5 12. Nxd5 cxd5 13. b3 Nxe5 14. Bxe5 Bxe5 15. dxe5 Be6 16. Qd2 Rac8 17. Bd3 Kg7 18. Qb4 Qxb4 19. axb4 a6 20. Ra5 Bf5 21. Bxf5 gxf5 22. Rxd5 Rxc2 23. Rd7 e6 24. Rxb7 Rd8 25. Rb6 Rd5 26. Rxa6 Rxe5 27. Ra5 Re4 28. b5 Rb2 29. Rd1 Rxb3 30. Ra7 h5 31. Rdd7 h4 32. Rxf7+ Kg6 33. Rg7+ Kf6 34. Rh7 Rxb5 35. Rh6+ Kg5 36. Rah7 Rb2 37. Rh5+ Kf6 38. R5h6+ Ke5 39. Rxh4 Re1+ 40. Kh2 Rxf2 41. R4h5 Rff1 42. Kg3 Re2 43. Kh2 Ree1 44. Ra7 Rh1+ 45. Kg3 Re3+ 46. Kf2 Rhe1 47. h4 R1e2+ 48. Kf1 Kf4 49. Kg1 Rg3 50. Ra4+ Ke5 51. Ra5+ Kf6 52. Kf1 Rexg2 53. Ra6 Rg1+ 54. Kf2 R1g2+ 55. Kf1 Rg8 56. Rh6+ R2g6 57. Rh7 Ke5 58. h5 Rf6 59. Ra2 f4 60. Rh2 Kf5 61. h6 Rff8 62. Rb7 Ra8 63. h7 Rh8 64. Rh6 Rae8 65. Kf2 Kg5 66. Rh1 e5 67. Rg7+ Kf5 68. Rh5+ Kf6 69. Rhg5 Rxh7 70. R5g6+ Kf5 71. Rg5+ Kf6 1/2-1/2

[Event "Chelyabinskiy variant-A 2021"]
[Site "Chelyabinsk"]
[Date "2021.03.24"]
[Round "2.8"]
[White "Khanin, Semen"]
[Black "Remizov, Yaroslav"]
[Result "1/2-1/2"]
[ECO "B10"]
[WhiteElo "2506"]
[BlackElo "2411"]
[Annotator "ChessBase"]
[PlyCount "112"]
[EventDate "2021.03.23"]
[EventType "swiss"]
[EventCountry "RUS"]
[SourceTitle "playchess.com"]
[Source "ChessBase"]
[SourceQuality "1"]
[TimeControl "5400+30"]

1. e4 c6 2. Nf3 d5 3. d3 g6 4. Qe2 Bg7 5. g3 Bg4 6. Bg2 e6 7. Nbd2 Ne7 8. h3 Bxf3 9. Nxf3 dxe4 10. dxe4 Qa5+ 11. c3 Qa6 12. Qxa6 Nxa6 13. Be3 Nc8 14. O-O-O Nb6 15. Kc2 O-O 16. b3 Rfd8 17. a4 Bf6 18. a5 Nd7 19. Rd2 Kf8 20. Rhd1 Ke7 21. b4 Nc7 22. h4 Ne5 23. Rxd8 Rxd8 24. Bc5+ Ke8 25. Rxd8+ Kxd8 26. Nxe5 Bxe5 27. f4 Bg7 28. e5 a6 29. c4 f6 30. Bd4 f5 31. Bc5 h5 32. Kd3 Kd7 33. Kd4 Bh6 34. Bf1 Bg7 35. Be2 Bh6 36. Bf3 Bg7 37. Bg2 Bh6 38. Bd6 Ne8 39. Kc5 Nxd6 40. exd6 Bg7 41. b5 cxb5 42. cxb5 Bb2 43. Bxb7 Ba3+ 44. Kb6 axb5 45. Bc6+ Kxd6 46. Bxb5 e5 47. a6 exf4 48. gxf4 Bc5+ 49. Kb7 Kd5 50. Bc6+ Kd4 51. Be8 Ke4 52. Bxg6 Kxf4 53. Bxh5 Kg3 54. Bg6 Kxh4 55. Bxf5 Kg5 56. a7 Bxa7 1/2-1/2

[Event "Chelyabinskiy variant-A 2021"]
[Site "Chelyabinsk"]
[Date "2021.03.24"]
[Round "2.9"]
[White "Obgolts, Erik"]
[Black "Drygalov, Andrey"]
[Result "0-1"]
[ECO "B90"]
[WhiteElo "2404"]
[BlackElo "2500"]
[Annotator "RC"]
[PlyCount "48"]
[EventDate "2021.03.23"]
[EventType "swiss"]
[EventCountry "RUS"]
[SourceTitle "playchess.com"]
[Source "ChessBase"]
[SourceQuality "1"]
[TimeControl "5400+30"]

1. e4 c5 2. Nf3 d6 3. d4 cxd4 4. Nxd4 Nf6 5. Nc3 a6 6. Be3 e6 7. f3 b5 8. Qd2 Nbd7 9. g4 Nb6 10. a3 Bb7 11. Qf2 Nfd7 12. Nb3 Rc8 13. O-O-O Rxc3 14. bxc3 Qc7 15. Qg3 e5 16. Bxb6 Nxb6 17. f4 Bxe4 18. Bg2 Bxg2 19. Qxg2 d5 20. Kb1 Bxa3 21. Ka2 Qxc3 22. Rb1 Be7 23. Qd2 Qc4 24. Qa5 Na4 0-1

[Event "Chelyabinskiy variant-A 2021"]
[Site "Chelyabinsk"]
[Date "2021.03.24"]
[Round "2.10"]
[White "Maiorov, Nikita"]
[Black "Tsvetkov, Andrey"]
[Result "1/2-1/2"]
[ECO "D45"]
[WhiteElo "2495"]
[BlackElo "2404"]
[Annotator "RC"]
[PlyCount "189"]
[EventDate "2021.03.23"]
[EventType "swiss"]
[EventCountry "RUS"]
[SourceTitle "playchess.com"]
[Source "ChessBase"]
[SourceQuality "1"]
[TimeControl "5400+30"]

1. d4 d5 2. c4 e6 3. Nf3 Nf6 4. Nc3 c6 5. e3 Nbd7 6. Qc2 Bd6 7. Bd3 O-O 8. O-O e5 9. cxd5 cxd5 10. Nb5 Bb8 11. dxe5 Nxe5 12. Be2 Nxf3+ 13. Bxf3 Bg4 14. Nd4 Qd7 15. Bd2 Rc8 16. Qd3 Be5 17. Bxg4 Qxg4 18. Nf3 Bxb2 19. Rab1 Qe4 20. Qb5 Be5 21. Rb4 Qf5 22. Qxb7 Ne4 23. Nxe5 Qxe5 24. Rd4 Rcb8 25. Qa6 Rb2 26. Rd1 Qf6 27. Qxf6 Nxf6 28. a4 Rc8 29. f3 h6 30. Be1 Kh7 31. R4d2 Rb3 32. Rd3 Rb2 33. Kf1 Rc4 34. Rd4 Rc6 35. R4d2 Rb3 36. Ke2 Ra3 37. Rd4 Rc2+ 38. Bd2 Rca2 39. Rb4 Rxa4 40. Rb7 Kg6 41. Rc1 d4 42. e4 R4a3 43. Rcb1 Nd7 44. Rxd7 Re3+ 45. Kf2 Rxd2+ 46. Kg3 Ree2 47. Rbb7 Rxg2+ 48. Kf4 Kh7 49. Rxf7 a5 50. Ra7 d3 51. Rfd7 Rd1 52. Rxa5 Rxh2 53. Rad5 d2 54. e5 Re2 55. e6 Rxe6 56. Rxd2 Rf6+ 57. Kg3 Rg6+ 58. Kf2 Rh1 59. R7d6 Rg5 60. R2d5 Rh2+ 61. Ke3 Rg1 62. Rd1 Rgg2 63. Kf4 Ra2 64. Rg1 Ra7 65. Kg3 Rh5 66. Rd4 Rf5 67. Rf4 Rg5+ 68. Rg4 Re5 69. Rg2 Rf7 70. Rf2 Ref5 71. Kg2 Ra5 72. Re2 Ra3 73. Rf2 Rf6 74. Re4 h5 75. Rd4 Kh6 76. Re4 Rg6+ 77. Kh2 Rf6 78. Kg2 Ra5 79. Re3 Rg5+ 80. Kh2 Rf4 81. Rg2 Rh4+ 82. Kg1 Ra4 83. Rxg5 Kxg5 84. Re2 Kf4 85. Kg2 g5 86. Rb2 h4 87. Rc2 Ke3 88. Rc3+ Kd4 89. Rc2 Rc4 90. Re2 Rc5 91. Re4+ Kd3 92. Kh3 Rc1 93. Rg4 Ke3 94. Rxg5 Kxf3 95. Rf5+ 1/2-1/2

[Event "Chelyabinskiy variant-A 2021"]
[Site "Chelyabinsk"]
[Date "2021.03.24"]
[Round "2.12"]
[White "Simantsev, Mikhail"]
[Black "Salemgareev, Tagir"]
[Result "1-0"]
[ECO "E11"]
[WhiteElo "2389"]
[BlackElo "2480"]
[Annotator "ChessBase"]
[PlyCount "129"]
[EventDate "2021.03.23"]
[EventType "swiss"]
[EventCountry "RUS"]
[SourceTitle "playchess.com"]
[Source "ChessBase"]
[SourceQuality "1"]
[TimeControl "5400+30"]

1. d4 Nf6 2. c4 e6 3. Nf3 Bb4+ 4. Nbd2 O-O 5. a3 Be7 6. e4 d6 7. Be2 Nbd7 8. O-O e5 9. Qc2 Re8 10. b3 exd4 11. Nxd4 Bf8 12. Bb2 Ne5 13. h3 c6 14. Rae1 Bd7 15. Kh2 c5 16. Nb5 a6 17. Nc3 Nc6 18. Qd1 g6 19. f4 Bg7 20. Qa1 Nd4 21. Bd1 Bc6 22. Qb1 b5 23. Qd3 bxc4 24. bxc4 Rb8 25. Bc1 Qa5 26. Nd5 Nxd5 27. exd5 Bd7 28. g4 Ba4 29. Rxe8+ Rxe8 30. Ne4 Bxd1 31. Rxd1 Qd8 32. Ng3 Qh4 33. Kg2 f5 34. gxf5 gxf5 35. Be3 Kh8 36. Rf1 Rg8 37. Kh2 Rb8 38. Bxd4 cxd4 39. Nxf5 Qf6 40. Nxg7 Qxg7 41. Rg1 Qf6 42. Qe4 Rf8 43. Rg4 h5 44. Rg5 Qxf4+ 45. Qxf4 Rxf4 46. Kg3 Rf1 47. Rxh5+ Kg7 48. Rh4 Rd1 49. Kf3 Rc1 50. Rxd4 Rc3+ 51. Kg4 Kf7 52. Rf4+ Ke7 53. h4 Rxa3 54. h5 Ra1 55. Re4+ Kf7 56. Re6 a5 57. Rxd6 a4 58. Ra6 a3 59. Kg5 a2 60. Ra7+ Kf8 61. Kh6 Rc1 62. Rxa2 Rxc4 63. Kg5 Rc1 64. h6 Rd1 65. Ra8+ 1-0

[Event "Chelyabinskiy variant-A 2021"]
[Site "Chelyabinsk"]
[Date "2021.03.25"]
[Round "3.1"]
[White "Bryakin, Mikhail"]
[Black "Lysyj, Igor"]
[Result "1/2-1/2"]
[ECO "E06"]
[WhiteElo "2464"]
[BlackElo "2605"]
[Annotator "RC"]
[PlyCount "41"]
[EventDate "2021.03.23"]
[EventType "swiss"]
[EventCountry "RUS"]
[SourceTitle "playchess.com"]
[Source "ChessBase"]
[SourceQuality "1"]
[TimeControl "5400+30"]

1. d4 Nf6 2. c4 e6 3. g3 d5 4. Nf3 Be7 5. Bg2 O-O 6. O-O dxc4 7. Qc2 a6 8. a4 c5 9. dxc5 Bxc5 10. Nbd2 b5 11. axb5 Bb7 12. Nxc4 axb5 13. Rxa8 Bxa8 14. Nce5 Qc8 15. Qd3 Qa6 16. Be3 Be4 17. Qb3 Bd5 18. Qd3 Be4 19. Qb3 Bd5 20. Qd3 Be4 21. Qb3 1/2-1/2

[Event "Chelyabinskiy variant-A 2021"]
[Site "Chelyabinsk"]
[Date "2021.03.26"]
[Round "4.6"]
[White "Gutenev, Alexander"]
[Black "Garifullina, Leya"]
[Result "1/2-1/2"]
[ECO "B90"]
[WhiteElo "2451"]
[BlackElo "2375"]
[Annotator "ChessBase"]
[PlyCount "89"]
[EventDate "2021.03.23"]
[EventType "swiss"]
[EventCountry "RUS"]
[SourceTitle "playchess.com"]
[Source "ChessBase"]
[SourceQuality "1"]
[TimeControl "5400+30"]

1. e4 c5 2. Nf3 d6 3. d4 cxd4 4. Nxd4 Nf6 5. Nc3 a6 6. Qd3 e6 7. a4 b6 8. Be2 Bb7 9. O-O Nbd7 10. Qe3 Rc8 11. f4 Qc7 12. Kh1 Qc5 13. Qd3 e5 14. Nf5 g6 15. Ng3 h5 16. Bf3 exf4 17. Bxf4 Ne5 18. Qe3 Qxe3 19. Bxe3 Nfd7 20. Nge2 Bg7 21. Bd4 Bh6 22. Rad1 Ke7 23. Nc1 Rhd8 24. Nd3 Rc4 25. Bf2 Rdc8 26. Be1 Nxf3 27. gxf3 Nf8 28. Bg3 Rd8 29. Rfe1 g5 30. Nd5+ Bxd5 31. exd5+ Kf6 32. Bf2 Nd7 33. c3 Rxa4 34. Nb4 Bf8 35. Nc6 Ra8 36. Bd4+ Kg6 37. h4 Nf6 38. Rg1 g4 39. b3 Rxd4 40. Rxd4 Re8 41. Rd3 Re2 42. c4 Bh6 43. Rg2 Re1+ 44. Rg1 Re2 45. Rg2 1/2-1/2

[Event "Chelyabinskiy variant-A 2021"]
[Site "Chelyabinsk"]
[Date "2021.03.27"]
[Round "5.1"]
[White "Drygalov, Andrey"]
[Black "Girya, Olga"]
[Result "1/2-1/2"]
[ECO "C50"]
[WhiteElo "2500"]
[BlackElo "2432"]
[Annotator "ChessBase"]
[PlyCount "25"]
[EventDate "2021.03.23"]
[EventType "swiss"]
[EventCountry "RUS"]
[SourceTitle "playchess.com"]
[Source "ChessBase"]
[SourceQuality "1"]
[TimeControl "5400+30"]

1. e4 e5 2. Nf3 Nc6 3. Bc4 Bc5 4. O-O Nf6 5. d3 d6 6. c3 h6 7. Nbd2 O-O 8. h3 a5 9. Re1 a4 10. Nf1 Bd7 11. d4 Bb6 12. Ng3 Re8 13. dxe5 1/2-1/2

[Event "Chelyabinskiy variant-A 2021"]
[Site "Chelyabinsk"]
[Date "2021.03.27"]
[Round "5.2"]
[White "Shuvalova, Polina"]
[Black "Ponkratov, Pavel"]
[Result "1/2-1/2"]
[ECO "B13"]
[WhiteElo "2476"]
[BlackElo "2619"]
[Annotator "ChessBase"]
[PlyCount "20"]
[EventDate "2021.03.23"]
[EventType "swiss"]
[EventCountry "RUS"]
[SourceTitle "playchess.com"]
[Source "ChessBase"]
[SourceQuality "1"]
[TimeControl "5400+30"]

1. e4 c6 2. d4 d5 3. exd5 cxd5 4. Bd3 Nc6 5. c3 Nf6 6. Bf4 Bg4 7. Qb3 Na5 8. Qa4+ Nc6 9. Qb3 Na5 10. Qa4+ Nc6 1/2-1/2

[Event "Chelyabinskiy variant-A 2021"]
[Site "Chelyabinsk"]
[Date "2021.03.27"]
[Round "5.3"]
[White "Gutenev, Alexander"]
[Black "Lysyj, Igor"]
[Result "1/2-1/2"]
[ECO "C82"]
[WhiteElo "2451"]
[BlackElo "2605"]
[Annotator "ChessBase"]
[PlyCount "48"]
[EventDate "2021.03.23"]
[EventType "swiss"]
[EventCountry "RUS"]
[SourceTitle "playchess.com"]
[Source "ChessBase"]
[SourceQuality "1"]
[TimeControl "5400+30"]

1. e4 e5 2. Nf3 Nc6 3. Bb5 a6 4. Ba4 Nf6 5. O-O Nxe4 6. d4 b5 7. Bb3 d5 8. dxe5 Be6 9. c3 Bc5 10. Nbd2 O-O 11. Bc2 Nxf2 12. Rxf2 Bxf2+ 13. Kxf2 f6 14. exf6 Qxf6 15. Nb3 Ne5 16. Kg1 Rae8 17. Be3 Nxf3+ 18. Qxf3 Qxf3 19. gxf3 Rxf3 20. Bf2 Bh3 21. Nd2 Rf6 22. Re1 Rxe1+ 23. Bxe1 c6 24. Bh4 Rf7 1/2-1/2

[Event "Chelyabinskiy variant-A 2021"]
[Site "Chelyabinsk"]
[Date "2021.03.27"]
[Round "5.4"]
[White "Shomoev, Anton"]
[Black "Gabrielian, Artur"]
[Result "1-0"]
[ECO "B69"]
[WhiteElo "2563"]
[BlackElo "2448"]
[Annotator "ChessBase"]
[PlyCount "129"]
[EventDate "2021.03.23"]
[EventType "swiss"]
[EventCountry "RUS"]
[SourceTitle "playchess.com"]
[Source "ChessBase"]
[SourceQuality "1"]
[TimeControl "5400+30"]

1. e4 c5 2. Nf3 d6 3. d4 cxd4 4. Nxd4 Nf6 5. Nc3 Nc6 6. Bg5 e6 7. Qd2 a6 8. O-O-O Bd7 9. f4 Be7 10. Nf3 b5 11. Bxf6 gxf6 12. f5 Qa5 13. Kb1 h5 14. Bd3 O-O-O 15. Qe3 Kb7 16. Ne2 Qb6 17. Qd2 h4 18. Nf4 h3 19. Nxh3 e5 20. Nf2 Bc8 21. Ng4 d5 22. exd5 Rxd5 23. Qe2 Ka7 24. Ne3 Rd7 25. Be4 Nd4 26. Nxd4 exd4 27. Nd5 Qc5 28. Qf3 Bd8 29. a3 Re8 30. Nb4 Bc7 31. Nc6+ Kb6 32. b4 Qd6 33. Rxd4 Qf4 34. Qxf4 Bxf4 35. Bf3 Rxd4 36. Nxd4 Be5 37. c3 Rd8 38. g4 Bxd4 39. cxd4 Rxd4 40. Rd1 Rf4 41. Rd6+ Kc7 42. Rd3 Bb7 43. Bxb7 Kxb7 44. h3 Kc6 45. Kb2 Rf2+ 46. Kc3 Re2 47. Kd4 Kd6 48. Re3 Rc2 49. Ke4 Rf2 50. Rd3+ Ke7 51. Kd4 Rc2 52. Rc3 Rd2+ 53. Kc5 Rd6 54. h4 Kd7 55. h5 Rc6+ 56. Kd4 Rd6+ 57. Ke4 Ke7 58. h6 Rd8 59. h7 Rh8 60. Rh3 Kd6 61. Kd4 Kc6 62. Rh6 Kd7 63. Kd5 Kc7 64. Kc5 Kd7 65. Kb6 1-0

[Event "Chelyabinskiy variant-A 2021"]
[Site "Chelyabinsk"]
[Date "2021.03.27"]
[Round "5.5"]
[White "Frolyanov, Dmitry"]
[Black "Sitnikov, Anton"]
[Result "1-0"]
[ECO "C70"]
[WhiteElo "2542"]
[BlackElo "2437"]
[Annotator "ChessBase"]
[PlyCount "63"]
[EventDate "2021.03.23"]
[EventType "swiss"]
[EventCountry "RUS"]
[SourceTitle "playchess.com"]
[Source "ChessBase"]
[SourceQuality "1"]
[TimeControl "5400+30"]

1. e4 e5 2. Nf3 Nc6 3. Bb5 a6 4. Ba4 Nge7 5. c3 g6 6. d4 exd4 7. cxd4 Bg7 8. d5 Na5 9. Nbd2 b5 10. Bc2 d6 11. O-O O-O 12. Rb1 c5 13. b3 Bb7 14. Re1 Rc8 15. Nf1 Ba8 16. Ng3 c4 17. b4 Nb7 18. h4 Qd7 19. Nd4 Nd8 20. h5 f5 21. hxg6 hxg6 22. exf5 Nxd5 23. Qg4 Qf7 24. Nf3 Nf6 25. Qh3 Bxf3 26. fxg6 Qb7 27. gxf3 Rc7 28. Nf5 d5 29. Bf4 Rd7 30. Kg2 d4 31. Be4 Qb6 32. Bd5+ 1-0

[Event "Chelyabinskiy variant-A 2021"]
[Site "Chelyabinsk"]
[Date "2021.03.27"]
[Round "5.6"]
[White "Fedorov, Alexei"]
[Black "Simantsev, Mikhail"]
[Result "1-0"]
[ECO "B12"]
[WhiteElo "2529"]
[BlackElo "2389"]
[Annotator "ChessBase"]
[PlyCount "49"]
[EventDate "2021.03.23"]
[EventType "swiss"]
[EventCountry "RUS"]
[SourceTitle "playchess.com"]
[Source "ChessBase"]
[SourceQuality "1"]
[TimeControl "5400+30"]

1. e4 c6 2. d4 d5 3. e5 Bf5 4. Nd2 e6 5. Nb3 Nd7 6. Nf3 c5 7. Be2 c4 8. Nbd2 b5 9. Nf1 h6 10. Ne3 Bh7 11. g3 Ne7 12. Nh4 Nc6 13. f4 Be7 14. Nhg2 Qa5+ 15. c3 b4 16. Bd2 bxc3 17. Bxc3 Bb4 18. Qd2 O-O 19. O-O Rab8 20. f5 Bxc3 21. bxc3 Qa3 22. Bg4 exf5 23. Bxf5 Bxf5 24. Nxf5 Ne7 25. Qc1 1-0

[Event "Chelyabinskiy variant-A 2021"]
[Site "Chelyabinsk"]
[Date "2021.03.27"]
[Round "5.8"]
[White "Bryakin, Mikhail"]
[Black "Grachev, Alexey"]
[Result "1-0"]
[ECO "A01"]
[WhiteElo "2464"]
[BlackElo "2302"]
[Annotator "ChessBase"]
[PlyCount "105"]
[EventDate "2021.03.23"]
[EventType "swiss"]
[EventCountry "RUS"]
[SourceTitle "playchess.com"]
[Source "ChessBase"]
[SourceQuality "1"]
[TimeControl "5400+30"]

1. b3 Nf6 2. Bb2 g6 3. Bxf6 exf6 4. d4 f5 5. e3 a5 6. a4 Bg7 7. g3 O-O 8. Bg2 d6 9. Ne2 c6 10. O-O Nd7 11. Nd2 Nf6 12. c3 Re8 13. Qc2 Qe7 14. Rab1 Ne4 15. Nf4 Bd7 16. Rfe1 Ra7 17. c4 h5 18. h4 Kh8 19. Rbc1 Kg8 20. c5 dxc5 21. Nxe4 fxe4 22. Qxc5 Qxc5 23. dxc5 Raa8 24. Rc4 Bf5 25. Rd1 Bf8 26. Kf1 Re5 27. Rdc1 Rd8 28. Ke1 Rd7 29. Bf1 Re8 30. Ne2 Re5 31. Nd4 Bg4 32. Be2 Rdd5 33. Bxg4 hxg4 34. b4 axb4 35. Nb3 Rd7 36. Rxb4 f5 37. Rd4 Ree7 38. Rxd7 Rxd7 39. Rd1 Rc7 40. Rd8 Kf7 41. Kd2 Be7 42. Rb8 Ke6 43. Kc3 Kd5 44. Rg8 Bxc5 45. Rxg6 Bd6 46. h5 c5 47. Kc2 Be5 48. Na5 Bd6 49. h6 Rh7 50. Kb3 Bf8 51. Rf6 Bxh6 52. Nc4 Bg7 53. Rd6# 1-0

[Event "Chelyabinskiy variant-A 2021"]
[Site "Chelyabinsk"]
[Date "2021.03.27"]
[Round "5.9"]
[White "Garifullina, Leya"]
[Black "Makarian, Rudik"]
[Result "0-1"]
[ECO "C80"]
[WhiteElo "2375"]
[BlackElo "2458"]
[Annotator "ChessBase"]
[PlyCount "127"]
[EventDate "2021.03.23"]
[EventType "swiss"]
[EventCountry "RUS"]
[SourceTitle "playchess.com"]
[Source "ChessBase"]
[SourceQuality "1"]
[TimeControl "5400+30"]

1. e4 e5 2. Nf3 Nc6 3. Bb5 a6 4. Ba4 Nf6 5. O-O Nxe4 6. d4 b5 7. Bb3 d5 8. dxe5 Be6 9. Be3 Be7 10. c3 Qd7 11. Nbd2 Rd8 12. h3 O-O 13. Bc2 Bf5 14. Nd4 Nxd4 15. cxd4 Nxd2 16. Qxd2 c5 17. f4 c4 18. Bxf5 Qxf5 19. g4 Qc8 20. f5 f6 21. e6 g5 22. h4 Qc7 23. Kg2 h6 24. Rh1 Kg7 25. Rh3 Rh8 26. Rah1 b4 27. Qc2 a5 28. hxg5 fxg5 29. Qc1 c3 30. bxc3 bxc3 31. Bd2 Qc4 32. Qxc3 Qe2+ 33. Kg1 Qxg4+ 34. Qg3 Qxf5 35. Qe5+ Qxe5 36. dxe5 Kg6 37. Rf3 Rhf8 38. Rfh3 Bc5+ 39. Be3 Bxe3+ 40. Rxe3 Rde8 41. Reh3 Rh8 42. Rd3 Rxe6 43. Rxd5 Rhe8 44. Rxa5 Rxe5 45. Ra6+ R8e6 46. Rxe6+ Rxe6 47. Rh3 Re2 48. Ra3 h5 49. Ra8 h4 50. a4 Kh5 51. Rb8 Ra2 52. Rb4 h3 53. a5 g4 54. a6 Rxa6 55. Rc4 Ra5 56. Rb4 g3 57. Rb1 Ra4 58. Kh1 Kg4 59. Rg1 Ra2 60. Rb1 Rf2 61. Ra1 g2+ 62. Kh2 Rf1 63. Ra4+ Kf5 64. Ra5+ 0-1

[Event "Chelyabinskiy variant-A 2021"]
[Site "Chelyabinsk"]
[Date "2021.03.27"]
[Round "5.10"]
[White "Demchenko, Anton"]
[Black "Kardashevskiy, Evgeny"]
[Result "1/2-1/2"]
[ECO "C42"]
[WhiteElo "2610"]
[BlackElo "2427"]
[Annotator "ChessBase"]
[PlyCount "169"]
[EventDate "2021.03.23"]
[EventType "swiss"]
[EventCountry "RUS"]
[SourceTitle "playchess.com"]
[Source "ChessBase"]
[SourceQuality "1"]
[TimeControl "5400+30"]

1. e4 e5 2. Nf3 Nf6 3. Nxe5 d6 4. Nf3 Nxe4 5. Bd3 Nf6 6. O-O Be7 7. c3 O-O 8. Bc2 b6 9. d4 Bb7 10. Re1 Nbd7 11. c4 d5 12. cxd5 Nxd5 13. Nc3 N7f6 14. Nxd5 Bxd5 15. Qd3 Re8 16. Ne5 c6 17. Bg5 g6 18. Ba4 Rc8 19. Rac1 Qd6 20. h3 Nh5 21. Bd2 Bf6 22. Qa3 Qxa3 23. bxa3 Re6 24. Bb3 Bxb3 25. axb3 Ng7 26. f4 Ree8 27. Nxc6 Rxe1+ 28. Bxe1 Bxd4+ 29. Kf1 Rc7 30. Rc4 Bc5 31. Nb4 Rd7 32. Nc2 Ne6 33. b4 Bd6 34. g3 Rc7 35. Rxc7 Nxc7 36. Nd4 h5 37. f5 a6 38. Ke2 Nb5 39. Nxb5 axb5 40. Kd3 gxf5 41. Kd4 f4 42. Kd5 Bb8 43. gxf4 Bxf4 44. Bf2 Bc1 45. Bxb6 Kf8 46. Kc6 Ke8 47. Kxb5 Bxa3 48. Kc4 Kd7 49. Be3 Bb2 50. Kd5 Ba3 51. b5 Bd6 52. Bd4 Bb8 53. Be5 Ba7 54. Bd6 f5 55. Bf4 Bf2 56. Bb8 Kc8 57. Bd6 Kb7 58. Bf4 Kb6 59. Kc4 Bg1 60. Bg5 Kc7 61. Bd2 Kb6 62. Bf4 Bf2 63. Bg5 Kc7 64. Bf6 Bg1 65. Kd5 Kb6 66. Kc4 Kc7 67. Bc3 Kb6 68. Bd2 Bf2 69. Bf4 Bg1 70. Bg5 Kc7 71. Kb4 Bf2 72. Bf6 Be3 73. Kc4 Bf2 74. Bd4 Bxd4 75. Kxd4 Kb6 76. Ke5 Kxb5 77. Kxf5 Kc6 78. Kg5 Kd7 79. Kxh5 Ke7 80. Kg6 Kf8 81. h4 Kg8 82. h5 Kh8 83. h6 Kg8 84. h7+ Kh8 85. Kh6 1/2-1/2

[Event "Chelyabinskiy variant-A 2021"]
[Site "Chelyabinsk"]
[Date "2021.03.27"]
[Round "5.11"]
[White "Azarov, Sergei"]
[Black "Kostenko, Petr"]
[Result "1-0"]
[ECO "C07"]
[WhiteElo "2604"]
[BlackElo "2418"]
[Annotator "ChessBase"]
[PlyCount "59"]
[EventDate "2021.03.23"]
[EventType "swiss"]
[EventCountry "RUS"]
[SourceTitle "playchess.com"]
[Source "ChessBase"]
[SourceQuality "1"]
[TimeControl "5400+30"]

1. e4 e6 2. d4 d5 3. Nd2 c5 4. Ngf3 cxd4 5. Nxd4 Nc6 6. Bb5 Bd7 7. Nxc6 bxc6 8. Bd3 Qc7 9. Qe2 Ne7 10. b3 Ng6 11. g3 Ne5 12. Bb2 Bd6 13. O-O O-O 14. c4 dxc4 15. Nxc4 Nxc4 16. Bxc4 c5 17. f4 Rfd8 18. Qg4 Bf8 19. f5 e5 20. Qh5 Bc6 21. Bxe5 Qb7 22. Rf4 Re8 23. Bxg7 Bxg7 24. f6 Bxe4 25. Rg4 Kh8 26. fxg7+ Kg8 27. Rf1 Re7 28. Rxe4 Qxe4 29. Bxf7+ Kxg7 30. Qg5+ 1-0